 Dungeon Crawl Stone Soup version 0.32-a0-876-gcfddb08e57 (webtiles) character file.

Game seed: 18189915104308977881

27 TacoSundae the Conjurer (level 2, -9/18 (22) HPs)
             Began as a Demonspawn Reaver on Apr 1, 2024.
             Mangled by Sigmund
             ... wielding a +0 scythe
              (12 damage)
             ... on level 2 of the Dungeon.
             The game lasted 00:04:12 (1050 turns).

TacoSundae the Conjurer (Demonspawn Reaver)         Turns: 1050, Time: 00:04:13

HP:   -9/18 (22)    AC:  3    Str: 12    XL:     2   Next: 93%
MP:   4/5           EV: 10    Int: 13    God:
Gold: 87            SH:  0    Dex: 11    Spells: 4/5 levels left

rFire   . . .        a - +0 falchion
rCold   . . .        e - orb {light}
rNeg    . . .        b - +0 leather armour
rPois   .            (no helmet)
rElec   .            (no cloak)
rCorr   .            (no gloves)
SInv    .            (no boots)
Will    .....        (no amulet)
Stlth   +            (no ring)
HPRegen 0.23/turn    (no ring)
MPRegen 0.09/turn

%: no passive effects
@: glowing, heavily drained
A: foul stench 1
a: no special abilities


You were on level 2 of the Dungeon.
You visited 1 branch of the dungeon, and saw 2 of its levels.

You collected 87 gold pieces.

Inventory:

Hand Weapons
 a - a +0 falchion (weapon)
Armour
 b - a +0 leather armour (worn)
 e - an orb of light (worn)
Jewellery
 g - a ring of fire
Scrolls
 h - a scroll of identify {unknown}
 j - a scroll of enchant weapon {unknown}
Potions
 c - 2 potions of attraction {unknown}
 d - a potion of resistance {unknown}
 f - a potion of invisibility {unknown}
 i - a potion of lignification {unknown}


   Skills:
 - Level 2.0 Fighting
 * Level 3.1 Long Blades
 - Level 1.7 Dodging
 + Level 2.2 Spellcasting
 * Level 3.5 Conjurations


You had 4 spell levels left.
You knew the following spells:

 Your Spells              Type           Power      Damage    Failure   Level
a - Kiss of Death         Conj/Necr      24%        2d7       16%         1

Your spell library contained the following spells:

 Spells                   Type           Power      Damage    Failure   Level
 Momentum Strike          Conj/Tloc      12%        3d8       24%         2
 Ensorcelled Hibernation  Hex/Ice        2%         N/A       43%         2
 Hailstorm                Conj/Ice       6%         3d5       43%         3
 Passwall                 Erth           1%         N/A       67%         3
 Swiftness                Air            1%         N/A       67%         3


Dungeon Overview and Level Annotations

Branches:
Dungeon (2/15)

Altars:

Annotations:
D:2 Sigmund


Innate Abilities, Weirdness & Mutations

You may rarely emit foul miasma when damaged in melee.


Message History

Found 6 stones.
Found a short sword.
Sigmund the Dreaded comes into view.
He is wielding a +0 scythe.
Sigmund shouts!
Sigmund gestures wildly while chanting.
Sigmund flickers and vanishes for a moment.
You hit Sigmund but do no damage. Sigmund barely misses you.
You barely miss Sigmund. Sigmund closely misses you.
You barely miss Sigmund. You hit Sigmund.
Sigmund is lightly wounded.
Sigmund barely misses you.
You barely miss Sigmund.
Sigmund is lightly wounded.
Sigmund hits you with a +0 scythe!
Sorry, you're not good enough to have a special ability.
Casting: Kiss of Death (safe; 16% risk of failure)
Confirm with . or Enter, or press ? or * to list all spells.
Aiming: Kiss of Death (safe; 16% risk of failure)
Press: ? - help, Shift-Dir - straight line, f - Sigmund
Aim: Sigmund, wielding a +0 scythe and wearing a +0 robe (lightly wounded, slightly transparent, haloed, 100% to hit)
The fragment of death hits Sigmund.
Sigmund is drained!
Sigmund is moderately wounded.
You feel drained. Sigmund barely misses you.
You hit Sigmund.
Sigmund is moderately wounded.
You hit Sigmund.
Sigmund is heavily wounded.
Sigmund barely misses you.
You hit Sigmund but do no damage.
Sigmund is heavily wounded.
Sigmund hits you with a +0 scythe!
Ouch! That really hurt!
* * * LOW HITPOINT WARNING * * *
You hit Sigmund.
Sigmund is severely wounded.
Sigmund hits you with a +0 scythe!
Ouch! That really hurt!
You die...
Sigmund begins carving another notch in his scythe.

#... #...
##...####
.).......#
.........#
...(....#
#.....@#
#...##@#
#....#.# #
#...#.#
#~P~##.....#
♣.....###
##+###P~~####.#
##...##.♣♣####.#
......#......#.#
........####...#


You could see Sigmund (invisible, very drained).

Vanquished Creatures
  A dart slug (D:1)
  4 bats (D:1)
  3 goblins (D:1)
  2 hobgoblins (D:1)
  6 kobolds (D:1)
  A quokka (D:1)
  A ball python (D:1)
  5 frilled lizards (D:1)
  3 rats
26 creatures vanquished.

Notes
Turn   | Place    | Note
-------+----------+-------------------------------------------
     0 | D:1      | TacoSundae the Demonspawn Reaver began the quest for the
                  | Orb.
     0 | D:1      | Reached XP level 1. HP: 16/16 MP: 3/3
   106 | D:1      | Gained mutation: You may rarely emit foul miasma when
                  | damaged in melee. [demonic ancestry]
   106 | D:1      | Reached XP level 2. HP: 19/20 MP: 5/5
  1037 | D:2      | Noticed Sigmund
  1050 | D:2      | Mangled by Sigmund

Illustrated notes

Levels and vault maps discovered:
D:1:      amcnicky_arrival_single_pillar, layout_basic, grunt_decor_arrowhead,
          minmay_indecisive_spiral
D:2:      layout_loops_corners, kennysheep_doodads, grunt_ministairs_10,
          serial_bayou_pond_e, uniq_robin, uniq_sigmund

Skill      XL: |  1  2 |
---------------+-------+-----
Long Blades    | 3 |  3.1
Fighting       | |  2.0
Dodging        | |  1.7
Spellcasting   | |  2.2
Conjurations   | |  3.5

Action                     || total
---------------------------++-------
  Melee: Falchion          ||    81
   Cast: Kiss of Death     ||     2
 Armour: Leather armour    ||    52
  Dodge: Dodged            ||    46

Table legend: (Time is in decaauts)
 A = Elapsed time spent in this place.
 B = Non-inter-level travel time spent in this place.
 C = Inter-level travel time spent in this place.
 D = Time resting spent in this place.
 E = Time spent auto-exploring this place.
 F = Levels seen in this place.
 G = Mean time per level.
                   A        B        C        D        E       F      G
               +--------+--------+--------+--------+--------+-----+--------+
         Total |   1061 |   1008 |     53 |      0 |    762 |   2 |  530.5 |
       Dungeon |   1061 |   1008 |     53 |      0 |    762 |   2 |  530.5 |
               +--------+--------+--------+--------+--------+-----+--------+

Top non-repeatable levels by time:
     D:1: 993 daAuts
     D:2: 67 daAuts
